 Dungeon Crawl Stone Soup version 0.20-a0-208-g55166f7 (webtiles) character file.

7 deepsabbath the Firebug (level 1, 0/10 HPs)
             Began as a Deep Elf Fire Elementalist on Nov 25, 2016.
             Slain by a bat (1 damage)
             ... on level 1 of the Dungeon.
             The game lasted 00:02:51 (476 turns).

deepsabbath the Firebug (Deep Elf Fire Elementalist) Turns: 476, Time: 00:02:52

Health: 0/10       AC:  6    Str:  5    XL:     1   Next: 83%
Magic:  6/6        EV: 10    Int: 19    God:
Gold:   7          SH:  0    Dex: 15    Spells: 5/6 levels left

rFire  . . .     SeeInvis .     (no weapon)
rCold  . . .     Gourm    .     f - +0 ring mail
rNeg   . . .     Faith    .     (no shield)
rPois  .         Spirit   .     (no helmet)
rElec  .         Reflect  .     i - +0 cloak
rCorr  .         Harm     .     (no gloves)
MR     .....     Rnd*Tele +     (no boots)
Stlth  ++........               (no amulet)
                                (no ring)
                                g - ring of teleportation (curse) {+/*tele, !d}

@: no status effects
A: no striking features
a: no special abilities


You were on level 1 of the Dungeon.
You were not hungry.

You visited 1 branch of the dungeon, and saw 1 of its levels.

You collected 7 gold pieces.

Inventory:

Missiles
 d - 13 stones (quivered)
Armour
 a - a +0 robe
 f - a +0 ring mail (worn)
   (You found it on level 1 of the Dungeon)
 i - a +0 cloak (worn)
   (You found it on level 1 of the Dungeon)
Jewellery
 g - a cursed ring of teleportation (left hand) {+/*tele, !d}
   (You found it on level 1 of the Dungeon)
Scrolls
 e - a scroll of enchant weapon
Books
 b - a book of Flames
Comestibles
 c - a bread ration {@e1}
 h - a beef jerky


   Skills:
 + Level 2.6 Dodging
 + Level 2.7 Stealth
 + Level 3.1 Spellcasting
 + Level 1.3 Conjurations
 + Level 3.3 Fire Magic


You had 5 spell levels left.
You knew the following spells:

 Your Spells              Type           Power        Failure   Level  Hunger
a - Flame Tongue          Conj/Fire      ##...        30%         1    None


Dungeon Overview and Level Annotations

Branches:
Dungeon (1/15)

Altars:


Message History

You hit the rat. The rat misses you.
You closely miss the rat. The rat barely misses you.
Your ring mail prevents you from hitting the rat.
The rat barely misses you.
You hit the rat but do no damage. The rat closely misses you.
You closely miss the rat. The rat bites you but does no damage.
Your ring mail prevents you from hitting the rat.
The rat closely misses you.
You hit the rat.
You kill the rat!
You see here a rat corpse.
h - a beef jerky
i - a cloak Wear which item? (? for menu, Esc to quit)
You start putting on your armour.
You continue putting on your cloak. x4
You finish putting on your +0 cloak.
The hobgoblin shouts!
Okay, then.
Found a stone staircase leading down.
You see here a bread ration {@e1}.
The hobgoblin misses you.
You see here a bread ration {@e1}.
You are suddenly yanked towards some nearby monsters!
Your surroundings seem slightly different.
A bat comes into view.
The bat barely misses you. The bat hits you but does no damage.
The bat hits you but does no damage. The hobgoblin hits you.
You take 3 damage, and have 5/10 hp.
MASSIVE DAMAGE!!
The bat hits you but does no damage. The bat hits you but does no damage.
The bat hits you but does no damage. The bat barely misses you.
The bat completely misses you. The bat closely misses you.
The bat hits you but does no damage. The bat closely misses you.
The bat hits you but does no damage. The bat completely misses you.
The bat hits you but does no damage. The bat hits you but does no damage.
The bat hits you but does no damage. The bat barely misses you.
The bat closely misses you. The bat hits you but does no damage.
The bat hits you but does no damage. The bat barely misses you.
The bat hits you but does no damage. The bat hits you but does no damage.
The bat barely misses you. The bat barely misses you.
The bat hits you but does no damage.
You hit the bat. The bat closely misses you.
The bat hits you but does no damage.
You closely miss the bat. The bat hits you but does no damage. x2
You hit the bat. The bat barely misses you. x2
You closely miss the bat. The bat closely misses you.
The bat hits you but does no damage.
You closely miss the bat. The bat barely misses you.
You barely miss the bat. The bat closely misses you. The bat barely misses you.
You barely miss the bat. The bat hits you but does no damage.
The bat barely misses you.
You closely miss the bat. The bat hits you but does no damage.
The bat barely misses you.
You miss the bat. The bat hits you but does no damage.
Your ring mail prevents you from hitting the bat.
The bat hits you. The bat hits you but does no damage.
You take 1 damage, and have 5/10 hp.
You hit the bat but do no damage. The bat hits you.
You take 1 damage, and have 4/10 hp.
You closely miss the bat. The bat hits you.
* * * LOW HITPOINT WARNING * * *
The bat hits you but does no damage.
You take 1 damage, and have 3/10 hp.
You barely miss the bat. The bat closely misses you.
The bat hits you but does no damage.
You completely miss the bat. The bat closely misses you.
The bat barely misses you.
You hit the bat but do no damage. The bat barely misses you. x2
You hit the bat but do no damage. The bat closely misses you.
Your ring mail prevents you from hitting the bat.
The bat closely misses you. The bat barely misses you.
Your ring mail prevents you from hitting the bat.
The bat hits you.
* * * LOW HITPOINT WARNING * * *
You take 1 damage, and have 3/10 hp.
You barely miss the bat. The bat barely misses you. The bat closely misses you.
The bat hits you but does no damage.
You barely miss the bat. The bat hits you but does no damage.
The bat barely misses you.
You closely miss the bat. The bat misses you.
The bat hits you but does no damage.
You closely miss the bat. The bat hits you but does no damage.
The bat hits you.
* * * LOW HITPOINT WARNING * * *
You take 1 damage, and have 2/10 hp.
You hit the bat. The bat hits you.
* * * LOW HITPOINT WARNING * * *
The bat closely misses you. The bat hits you.
You die...

#################################
................@bg..............
.##########################...###
.##########################...###
>.......%........................
###########################...##.
#...# . #...# # #...# # ###...###


You could see a hobgoblin and a bat.

Vanquished Creatures
  A bat (D:1)
  2 giant cockroaches (D:1)
  A kobold (D:1)
  2 rats (D:1)
6 creatures vanquished.

Notes
Turn   | Place    | Note
-------+----------+-------------------------------------------
     0 | D:1      | deepsabbath the Deep Elf Fire Elementalist began the quest for the Orb.
     0 | D:1      | Reached XP level 1. HP: 10/10 MP: 6/6
   223 | D:1      | HP: 2/10 [giant cockroach (2)]
   475 | D:1      | HP: 2/10 [bat (1)]
   476 | D:1      | Slain by a bat

Vault maps used:
D:1:      nagdon_arrival_double_spiral, serial_bayou_lagoon_a

Action                   || total
-------------------------++-------
Melee: Unarmed           ||   108
Throw: Stone             ||     6
  Use: Scroll            ||     1
       Potion            ||     1
Armor: Ring mail         ||    66
       Robe              ||     5
Dodge: Dodged            ||    82

Vault maps used:
D:1:      nagdon_arrival_double_spiral, serial_bayou_lagoon_a

Table legend:
 A = Turns spent in this place as a percentage of turns spent in the entire game.
 B = Non-inter-level travel turns spent in this place as a percentage of non-inter-level travel turns spent in the entire game.
 C = Inter-level travel turns spent in this place as a percentage of turns spent in this place.
 D = Turns resting spent in this place as a percentage of non-inter-level travel turns spent in this place.
 E = Turns spent auto-exploring this place as a percentage of non-inter-level travel turns spent in this place.
 F = Non-inter-level travel turns spent in this place divided by the number of levels of this place that you've seen.
                   A       B       C       D       E      F
               +-------+-------+-------+-------+-------+----------------------
         Total | 100.0 | 100.0 |   0.2 |   0.5 |   0.0 | 428.0
       Dungeon | 100.0 | 100.0 |   0.2 |   0.5 |   0.0 | 428.0
               +-------+-------+-------+-------+-------+----------------------

Table legend:
 A = Kills in this place as a percentage of kills in entire the game.
 B = Kills by you in this place as a percentage of kills by you in the entire game.
 C = Kills by friends in this place as a percentage of kills by friends in the entire game.
 D = Other kills in this place as a percentage of other kills in the entire game.
 E = Experience gained in this place as a percentage of experience gained in the entire game.
 F = Experience gained in this place divided by the number of levels of this place that you have seen.
                   A       B       C       D       E      F
               +-------+-------+-------+-------+-------+----------------------
         Total | 100.0 | 100.0 |  -nan |  -nan | 100.0 |  10.0
       Dungeon | 100.0 | 100.0 |  -nan |  -nan | 100.0 |  10.0
               +-------+-------+-------+-------+-------+----------------------
